 Dungeon Crawl Stone Soup version 0.31.0-1-g2c135a008e (webtiles) character file.

Game seed: 14036252451759745070

2724 qw the Skirmisher (level 9, -15/66 HPs)
             Began as a Djinni Hunter on Jan 23, 2024.
             Was a Believer of Okawaru.
             Killed from afar by a gargoyle (19 damage)
             ... with a stone arrow
             ... on level 7 of the Dungeon.
             The game lasted 00:00:33 (4871 turns).

qw the Skirmisher (Djinni Hunter)                   Turns: 4871, Time: 00:00:33

Health: -15/66     AC: 10    Str:  4    XL:     9   Next: 99%
Gold:   599        EV: 14    Int: 11    God:    Okawaru [**....] SH:  0 Dex: 24

rFire   + . .        l - +0 arbalest
rCold   x . .        (shield currently unavailable)
rNeg    . . .        p - +0 ring mail
rPois   inf          e - +1 hat
rElec   .            o - scarf {repulsion}
rCorr   .            f - +0 pair of gloves
SInv    .            (boots unavailable)
Will    .....        i - amulet of Zatit {Acrobat +Blink rF- Regen+ Str-5}
Stlth   +++          (no ring)
HPRegen 1.11/turn    (no ring)
MPRegen 0.00/turn

%: repel missiles, acrobat, infuse magic (-16 HP)
@: heroic, flying
A: sickness immunity, fire resistance 2, cold vulnerability 1, float, innate
caster, HP casting, extra vitality 1, agile 1, shaggy fur 1, wild magic 1
a: Renounce Religion, Evoke Blink, Heroism


You were on level 7 of the Dungeon.
You worshipped Okawaru.
Okawaru was pleased with you.
You visited 2 branches of the dungeon, and saw 8 of its levels.
You also visited: Ossuary.

You collected 599 gold pieces.


Innate Abilities, Weirdness & Mutations

You are immune to sickness and miasma.
You are immune to poison.
Your flesh is very heat resistant. (rF++)
You are vulnerable to cold. (rC-)
You float through the air rather than walking.
You learn spells naturally, not from books.
Your magical power is your life essence.
You have superior vitality. (+4 MHP)
You are agile. (Dex +4, Str/Int -1)
You are covered in fur. (AC +1)
Your spells are a little harder to cast, but a little more powerful.


   Skills:
 - Level 6.2(11.2) Fighting
 + Level 8.0(13.0) Ranged Weapons
 - Level 2.5(7.5) Armour
 - Level 6.0(11.0) Dodging
 - Level 0.7(5.7) Stealth
 - Level 4.3 Invocations


You knew the following spells:

 Your Spells              Type           Power      Damage    Failure   Level
a - Summon Small Mammal   Summ           0%         N/A       89%         1
b - Momentum Strike       Conj/Tloc      0%         3d8       96%         2
c - Confusing Touch       Hex            0%         N/A       99%         3
d - Call Canine Familiar  Summ           0%         N/A       99%         3
Your spell library was empty.

Inventory:

Hand Weapons
 l - a +0 arbalest (weapon)
Armour
 e - a +1 hat (worn)
 f - a +0 pair of gloves (worn)
 o - a scarf of repulsion (worn)
 p - a +0 ring mail (worn)
Jewellery
 i - the amulet of Zatit (around neck) {Acrobat +Blink rF- Regen+ Str-5}
   (You found it on level 2 of the Dungeon)

   [amulet of the acrobat]

   Acrobat:   It increases your evasion while moving and waiting.
   Str-5:     It affects your strength (-5).
   rF-:       It makes you vulnerable to fire.
   +Blink:    It lets you blink.
   Regen+:    It increases your rate of health regeneration.
Wands
 j - a wand of polymorph (24)
 k - a wand of iceblast (16)
Potions
 d - 2 potions of curing
 g - a potion of cancellation
 h - a potion of might
 w - a potion of resistance

Dungeon Overview and Level Annotations

Branches:
Dungeon (7/15)             Temple (1/1) D:4         Ossuary (visited)

Altars:
Ashenzari
Elyvilon
Fedhas
Hepliaklqana
Nemelex Xobeh
Okawaru
Qazlal
Ru
Trog
Uskayaw
Xom
Yredelemnul
The Shining One

Shops:
D:1 (   D:5 :   D:6 :

Annotations:
D:4 2 runed translucent doors, qw's ghost, amateur DjHu


Message History

The wight is almost destroyed.
The wight hits you with a +3 great sword!
The wight hits you from afar with a +0 halberd!
The wight hits you but does no damage.
You shoot a bolt. The bolt hits the wight!
You destroy the wight!
Okawaru accepts your kill.
The sentinel's mark upon you fades away.
The wight hits you from afar with a +0 halberd!
The wight barely misses you.
4865 ||| READING scroll of teleportation.
As you read the scroll of teleportation, it crumbles to dust.
You feel strangely unstable.
A white imp comes into view.
The wight hits you but does no damage.
4866 ||| DRINKING potion of heal wounds.
You feel much better.
The wight hits you from afar with a +0 halberd!
You shoot a bolt. The bolt hits the wight.
The wight is heavily damaged.
Your surroundings suddenly seem different.
A gargoyle comes into view. It is wielding a +0 dire flail.
4868 ||| INVOKING Heroism.
You gain the combat prowess of a mighty hero.
You shoot a bolt.
The bolt hits the gargoyle but does no damage.
The gargoyle hurls a stone arrow at you.
The stone arrow hits you!
The gargoyle hurls a stone arrow at you.
The stone arrow hits you!
You shoot a bolt. The bolt hits the gargoyle!
The gargoyle is moderately damaged.
The gargoyle hurls a stone arrow at you.
The stone arrow hits you!
You shoot a bolt.
The bolt hits the gargoyle but does no damage.
The gargoyle is moderately damaged.
The gargoyle hurls a stone arrow at you.
The stone arrow hits you!!
You die...

###########
#.........#
#..@9.....#
#.........#
#.........#
#.........#
#.........#
#........##
#........#
#........#


You could see a gargoyle.

Vanquished Creatures
  Prince Ribbit (D:6)
  Sigmund (D:5)
  2 steam dragons
  A water moccasin (D:7)
  2 ice beasts
  A sky beast (D:4)
  An ogre (D:5)
  A phantom (D:4)
  A scorpion (D:6)
  7 wights
  4 crimson imps (D:3)
  3 bombardier beetles
  5 hounds
  A spectral scorpion (D:3)
  A jelly (D:5)
  A gnoll bouda (D:6)
  2 orc priests
  4 iguanas
  2 sleepcaps (D:6)
  Natasha (thrice) (D:3)
  2 orc wizards
  A hound skeleton (D:3)
  8 mummies (Ossuary)
  7 gnolls
  6 adders
  An adder skeleton (D:3)
  4 dart slugs
  2 ribbon worms (D:2)
  10 orcs
  10 ball pythons
  8 bats
  6 endoplasms
  2 giant cockroaches
  3 gnoll zombies (Ossuary)
  8 goblins
  7 hobgoblins
  7 jackals
  7 kobolds
  2 quokkas
  A ball python skeleton (D:3)
  3 frilled lizards
  2 kobold zombies (Ossuary)
  3 orc zombies (Ossuary)
  2 quokka skeletons (D:3)
  3 rats
159 creatures vanquished.

Notes
Turn   | Place    | Note
-------+----------+-------------------------------------------
     0 | D:1      | qw the Djinni Hunter began the quest for the Orb.
     0 | D:1      | Reached XP level 1. HP: 18/18 MP: 0/0
     0 | D:1      | 0 ||| qw: Version: 0.3-a-136-gdd3b4e8
     0 | D:1      | 0 ||| qw: Game counter: 1085
     0 | D:1      | 0 ||| qw: Melee chars always use a shield: true
     0 | D:1      | 0 ||| qw: God list: Okawaru
     0 | D:1      | 0 ||| qw: Allow faded altars: false
     0 | D:1      | 0 ||| qw: Do Orc after clearing Dungeon:15 true
     0 | D:1      | 0 ||| qw: Do second Lair branch before Depths: true
     0 | D:1      | 0 ||| qw: Lair rune preference: random
     0 | D:1      | 0 ||| qw: Goals: Normal
     0 | D:1      | 0 ||| PLANNING D:1-11
    19 | D:1      | Found Lujewk's Antique Weapon Shoppe.
   195 | D:1      | Reached XP level 2. HP: 23/23 MP: 0/0
   563 | D:1      | Reached XP level 3. HP: 28/28 MP: 0/0
   563 | D:1      | Learned a level 1 spell: Summon Small Mammal
   595 | D:1      | Reached skill level 4 in Ranged Weapons
   845 | D:1      | 845 ||| READING scroll labelled ONODIFFA FIVIBICK.
   848 | D:1      | 848 ||| READING 2 scrolls labelled FEHUUJIESU.
   849 | D:1      | 849 ||| READING scroll labelled WUIPIGGEUZO.
   849 | D:1      | 849 ||| ENCHANTING +0 shortbow.
   850 | D:1      | 850 ||| DROPPING scroll of butterflies.
   851 | D:1      | 851 ||| DROPPING scroll of noise.
   977 | D:2      | 977 ||| FLEEEEING.
   978 | D:2      | 978 ||| FLEEEEING.
   979 | D:2      | 979 ||| FLEEEEING.
   981 | D:2      | 981 ||| FLEEEEING.
   982 | D:2      | 982 ||| FLEEEEING.
   983 | D:2      | 983 ||| FLEEEEING.
   984 | D:2      | 984 ||| FLEEEEING.
   985 | D:2      | 985 ||| FLEEEEING.
   986 | D:2      | 986 ||| FLEEEEING.
   987 | D:2      | 987 ||| FLEEEEING.
   988 | D:2      | 988 ||| FLEEEEING.
   989 | D:2      | 989 ||| FLEEEEING.
  1099 | D:2      | Reached XP level 4. HP: 34/34 MP: 0/0
  1112 | D:2      | Reached skill level 3 in Fighting
  1421 | D:2      | Identified the amulet of Zatit {Acrobat +Blink rF- Regen+
                  | Str-5}
  1423 | D:2      | 1423 ||| UPGRADING to +0 pair of gloves.
  1428 | D:2      | 1428 ||| UPGRADING to amulet of Zatit {Acrobat +Blink rF-
                  | Regen+ Str-5}.
  1488 | D:3      | Found a shimmering altar of Xom.
  1508 | D:3      | 1508 ||| RETREEEEATING.
  1555 | D:3      | Reached skill level 3 in Dodging
  1555 | D:3      | Reached XP level 5. HP: 24/40 MP: 0/0
  1555 | D:3      | Learned a level 2 spell: Momentum Strike
  1617 | D:3      | Reached XP level 6. HP: 46/46 MP: 0/0
  1621 | D:3      | Reached skill level 5 in Ranged Weapons
  1642 | D:3      | Reached skill level 1 in Armour
  1809 | D:3      | Noticed Natasha
  1816 | D:3      | Killed Natasha
  1827 | D:3      | Noticed Natasha
  1834 | D:3      | 1834 ||| RETREEEEATING.
  1845 | D:3      | 1845 ||| RETREEEEATING.
  1856 | D:3      | Killed Natasha
  1857 | D:3      | Reached XP level 7. HP: 15/52 MP: 0/0
  1857 | D:3      | Learned a level 3 spell: Confusing Touch
  1875 | D:3      | 1875 ||| FLEEEEING.
  1882 | D:3      | 1882 ||| FLEEEEING.
  1883 | D:3      | 1883 ||| FLEEEEING.
  1919 | D:3      | Identified the +8 dagger of the Shining Light {pain, *Slow
                  | rN++ rCorr SInv}
  1977 | D:3      | Noticed Natasha
  1983 | D:3      | 1983 ||| FLEEEEING.
  1984 | D:3      | 1984 ||| FLEEEEING.
  1985 | D:3      | 1985 ||| FLEEEEING.
  1985 | D:3      | Killed Natasha
  1986 | D:3      | 1986 ||| FLEEEEING.
  1988 | D:3      | 1988 ||| FLEEEEING.
  1989 | D:3      | 1989 ||| FLEEEEING.
  1990 | D:3      | 1990 ||| FLEEEEING.
  1991 | D:3      | 1991 ||| FLEEEEING.
  1992 | D:3      | 1992 ||| FLEEEEING.
  1993 | D:3      | 1993 ||| FLEEEEING.
  1994 | D:3      | 1994 ||| FLEEEEING.
  1995 | D:3      | 1995 ||| FLEEEEING.
  1996 | D:3      | 1996 ||| STAIRDANCE
  1998 | D:2      | 1998 ||| FLEEEEING.
  1999 | D:2      | 1999 ||| FLEEEEING.
  2000 | D:2      | 2000 ||| FLEEEEING.
  2001 | D:2      | 2001 ||| FLEEEEING.
  2002 | D:2      | 2002 ||| FLEEEEING.
  2003 | D:2      | 2003 ||| DRINKING 2 viscous purple potions.
  2004 | D:2      | 2004 ||| DRINKING 2 amethyst potions.
  2224 | D:3      | 2224 ||| READING scroll labelled NATAES ILELODI.
  2224 | D:3      | 2224 ||| IDENTIFYING inky potion
  2225 | D:3      | 2225 ||| DRINKING potion of mutation.
  2225 | D:3      | Gained mutation: Your spells are a little harder to cast,
                  | but a little more powerful. [potion of mutation]
  2225 | D:3      | Gained mutation: You are agile. (Dex +4, Str/Int -1)
                  | [potion of mutation]
  2225 | D:3      | Gained mutation: You are covered in fur. (AC +1) [potion of
                  | mutation]
  2226 | D:3      | 2226 ||| DRINKING 2 silvery potions.
  2619 | D:4      | Found a large runed translucent door.
  2634 | D:4      | Found a large runed translucent door.
  2698 | D:4      | Found a staircase to the Ecumenical Temple.
  2699 | D:4      | 2699 ||| PLANNING TEMPLE
  2699 | D:4      | 2699 ||| UPGRADING to +1 hat.
  2704 | D:4      | 2704 ||| READING 2 scrolls of identify.
  2704 | D:4      | 2704 ||| IDENTIFYING metallic purple potion
  2705 | D:4      | 2705 ||| READING scroll of identify.
  2705 | D:4      | 2705 ||| IDENTIFYING red potion
  2706 | D:4      | 2706 ||| DROPPING potion of brilliance.
  2724 | Temple   | Entered the Ecumenical Temple
  2725 | Temple   | 2725 ||| PLANNING OKAWARU WORSHIP
  2733 | Temple   | Became a worshipper of Warmaster Okawaru
  2734 | Temple   | 2734 ||| PLANNING D:1-11
  2835 | D:4      | 2835 ||| SWAPPING to +0 arbalest.
  2840 | D:4      | 2840 ||| DROPPING +1 shortbow.
  2844 | D:4      | Found a sparkling altar of Nemelex Xobeh.
  2908 | D:4      | Noticed qw's ghost (amateur DjHu)
  2992 | D:4      | Reached skill level 6 in Ranged Weapons
  3056 | D:4      | 3056 ||| READING scroll labelled DEYRUYD BIVE.
  3167 | D:5      | Entered Level 5 of the Dungeon
  3168 | D:5      | 3168 ||| PLANNING OSSUARY
  3176 | D:5      | Reached XP level 8. HP: 58/58 MP: 0/0
  3181 | D:5      | Found a hide-covered altar of Uskayaw.
  3251 | D:5      | Found Ilacanae's Book Shoppe.
  3343 | D:5      | Found a sand-covered staircase.
  3344 | D:5      | 3344 ||| UPGRADING to scarf of repulsion.
  3349 | D:5      | 3349 ||| READING scroll labelled ZOABLOALUU.
  3357 | Ossuary  | Entered an ossuary
  3385 | Ossuary  | Reached skill level 7 in Ranged Weapons
  3525 | Ossuary  | 3525 ||| READING 3 scrolls of identify.
  3525 | Ossuary  | 3525 ||| IDENTIFYING brown potion
  3526 | Ossuary  | 3526 ||| READING 2 scrolls of identify.
  3526 | Ossuary  | 3526 ||| IDENTIFYING glowing silvery potion
  3527 | Ossuary  | 3527 ||| READING scroll of identify.
  3527 | Ossuary  | 3527 ||| IDENTIFYING sapphire potion
  3528 | Ossuary  | 3528 ||| READING scroll labelled JUIMAO CEPS.
  3529 | Ossuary  | 3529 ||| READING scroll labelled SOT PUAFEOXAS.
  3530 | Ossuary  | 3530 ||| READING scroll labelled QOHODA OGIAGH.
  3531 | Ossuary  | 3531 ||| DRINKING 2 golden potions.
  3532 | Ossuary  | 3532 ||| DRINKING 2 bubbling pink potions.
  3533 | Ossuary  | 3533 ||| DROPPING potion of degeneration.
  3534 | Ossuary  | 3534 ||| DROPPING potion of attraction.
  3535 | Ossuary  | 3535 ||| DROPPING potion of invisibility.
  3558 | D:5      | 3558 ||| PLANNING D:1-11
  3659 | D:5      | Noticed Sigmund
  3660 | D:5      | 3660 ||| DRINKING potion of haste.
  3663 | D:5      | Killed Sigmund
  3663 | D:5      | Reached * piety under Okawaru
  3683 | D:5      | Found a basalt altar of Yredelemnul.
  3710 | D:5      | Reached skill level 1 in Invocations
  3790 | D:5      | Found a white marble altar of Elyvilon.
  3844 | D:5      | Reached XP level 9. HP: 50/66 MP: 0/0
  3844 | D:5      | Learned a level 3 spell: Call Canine Familiar
  3901 | D:5      | Found a blossoming altar of Fedhas.
  4013 | D:6      | 4013 ||| RETREEEEATING.
  4029 | D:6      | Reached skill level 3 in Invocations
  4039 | D:6      | Reached skill level 6 in Dodging
  4220 | D:6      | Noticed Prince Ribbit
  4221 | D:6      | 4221 ||| INVOKING Heroism.
  4224 | D:6      | Killed Prince Ribbit
  4280 | D:6      | Found a glowing golden altar of the Shining One.
  4311 | D:6      | Reached ** piety under Okawaru
  4451 | D:6      | Found Laguadd's Tremendous Tomes.
  4532 | D:6      | 4532 ||| UPGRADING to +0 ring mail.
  4533 | D:6      | 4533 ||| UPGRADING to +0 ring mail.
  4555 | D:6      | 4555 ||| UPGRADING to +0 ring mail.
  4565 | D:6      | 4565 ||| DROPPING +0 leather armour.
  4590 | D:6      | Identified the +0 scale mail of the Garden {rElec rC+ Str+6
                  | Dex-4}
  4629 | D:6      | 4629 ||| READING scroll of identify.
  4629 | D:6      | 4629 ||| IDENTIFYING fuming dark potion
  4630 | D:6      | 4630 ||| READING scroll labelled YCZAPP SIDISH.
  4631 | D:6      | 4631 ||| DROPPING potion of lignification.
  4724 | D:7      | 4724 ||| FLEEEEING.
  4725 | D:7      | 4725 ||| FLEEEEING.
  4726 | D:7      | 4726 ||| FLEEEEING.
  4727 | D:7      | 4727 ||| FLEEEEING.
  4728 | D:7      | 4728 ||| FLEEEEING.
  4729 | D:7      | 4729 ||| FLEEEEING.
  4730 | D:7      | 4730 ||| FLEEEEING.
  4756 | D:7      | Reached skill level 8 in Ranged Weapons
  4849 | D:7      | 4849 ||| FLEEEEING.
  4850 | D:7      | 4850 ||| FLEEEEING.
  4851 | D:7      | 4851 ||| FLEEEEING.
  4852 | D:7      | 4852 ||| FLEEEEING.
  4853 | D:7      | 4853 ||| RETREEEEATING.
  4854 | D:7      | 4854 ||| RETREEEEATING.
  4855 | D:7      | 4855 ||| RETREEEEATING.
  4856 | D:7      | 4856 ||| RETREEEEATING.
  4862 | D:7      | Reached skill level 6 in Fighting
  4864 | D:7      | HP: 12/66 [wight/+0 halberd (8)]
  4865 | D:7      | 4865 ||| READING scroll of teleportation.
  4866 | D:7      | 4866 ||| DRINKING potion of heal wounds.
  4867 | D:7      | Noticed a gargoyle
  4868 | D:7      | 4868 ||| INVOKING Heroism.
  4869 | D:7      | HP: 12/66 [gargoyle/stone arrow (15)]
  4870 | D:7      | HP: 2/66 [gargoyle/stone arrow (11)]
  4871 | D:7      | Killed from afar by a gargoyle

Levels and vault maps discovered:
D:1:      minmay_arrival_doors, layout_basic, serial_shops, shop,
          minmay_misc_feat_cross
D:2:      layout_rooms, basic_altar, minmay_bisected
D:3:      layout_basic, led_xom_imps, dilly_guarded_unrand_morg
D:4:      layout_basic, lemuel_coloured_pillars_altar,
          minmay_temple_entry_stoned_glass, ebering_ghost_disaster_area,
          serial_bayou_crossing
D:5:      layout_rooms, kennysheep_ying_yang, eat_drink_and_be_merry_uskayaw,
          fedhas_altar_4, lightli_ossuary_entry_decrepit_ruins, serial_shops,
          shop, uniq_sigmund
D:6:      layout_loops_ring, tso_oasis_becter, nicolae_shop_i_like_big_books,
          nrook_uturn, uniq_prince_ribbit1
D:7:      layout_loops_corners, nicolae_wu_jian_immortal_techniques,
          mainiacjoe_overflow_paths, amcnicky_mini_rare_corridor_liquid,
          uniq_maggie
Temple:   nicolae_temple_ecumenical_triangle

Skill      XL: |  1  2  3  4  5  6  7  8  9 |
---------------+----------------------------+-----
Ranged Weapons | 4 5 6 7 8 |  8.0
Fighting       | 3 4 5 6 |  6.2
Dodging        | 3 4 5 6 |  6.0
Armour         | 1 2 |  2.5
Invocations    | 1 4 |  4.3
Stealth        | |  0.7

Action                     |  1- 3 |  4- 6 |  7- 9 || total
---------------------------+-------+-------+-------++-------
  Melee: Unarmed           |       |       |     2 ||     2
   Fire: Shortbow          |    89 |   201 |    78 ||   368
         Arbalest          |       |       |   200 ||   200
 Invoke: Heroism           |       |       |     2 ||     2
    Use: Scroll            |     3 |       |    14 ||    17
         Potion            |       |       |     8 ||     8
 Armour: Leather armour    |    20 |   111 |    77 ||   208
         Skin              |       |       |     1 ||     1
         Ring mail         |       |       |    35 ||    35
  Dodge: Dodged            |    20 |    98 |    92 ||   210

Table legend:
 A = Non-vault XP
 B = Vault XP
 C = Vault XP percentage of total XP
 D = Non-vault monster count
 E = Vault monster count
 F = Vault count percentage of total count
                 A         B        C        D         E       F
            +---------+---------+-------+---------+---------+-------
      Total |    2907 |     985 |  25.3 |     126 |      33 |  20.8
            +---------+---------+-------+---------+---------+-------
        D:1 |      38 |       0 |   0.0 |      24 |       0 |   0.0
        D:2 |      44 |      12 |  21.4 |      18 |       4 |  18.2
        D:3 |     193 |     307 |  61.4 |      20 |      11 |  35.5
        D:4 |     397 |       0 |   0.0 |      21 |       0 |   0.0
        D:5 |     653 |     239 |  26.8 |      13 |       1 |   7.1
        D:6 |     987 |     274 |  21.7 |      20 |       1 |   4.8
        D:7 |     595 |       0 |   0.0 |      10 |       0 |   0.0
    Ossuary |       0 |     153 | 100.0 |       0 |      16 | 100.0
            +---------+---------+-------+---------+---------+-------
